 Dungeon Crawl Stone Soup version 0.31.0-9-g3a7656b989 (console) character file.

Game seed: 15598574796768350308

2543 Ignak the Magician (level 9, -2/69 HPs)
             Began as a Gnoll Air Elementalist on Jan 27, 2024.
             Incinerated by a bombardier beetle (4 damage)
             ... with a burning spray
             ... on level 6 of the Dungeon.
             The game lasted 00:18:06 (5630 turns).

Ignak the Magician (Gnoll Air Elementalist)         Turns: 5630, Time: 00:18:06

Health: -2/69      AC:  3    Str:  9    XL:     9   Next: 55%
Magic:  3/20       EV: 14    Int: 18    God:
Gold:   1067       SH:  0    Dex: 12    Spells: 13/23 levels left

rFire   . . .        l - +2 short sword (venom)
rCold   . . .        (no shield)
rNeg    . . .        a - +0 robe
rPois   .            m - +0 helmet
rElec   .            (no cloak)
rCorr   .            (no gloves)
SInv    +            (no boots)
Will    .....        (no amulet)
Stlth   ++           e - ring of see invisible
HPRegen 0.31/turn    (no ring)
MPRegen 0.17/turn

%: no passive effects
@: mighty, lethally poisoned (-2 -> -3), on fire, very slightly contaminated,
glowing
A: fangs 1, strong nose, distributed training
a: no special abilities


You were on level 6 of the Dungeon.
You visited 1 branch of the dungeon, and saw 7 of its levels.
You also visited: Sewer.

You collected 1327 gold pieces.
You spent 260 gold pieces at shops.

Inventory:

Hand Weapons
 l - a +2 short sword of venom (weapon)
Missiles
 s - 16 poisoned darts (quivered)
Armour
 a - a +0 robe (worn)
 m - a +0 helmet (worn)
Jewellery
 e - a ring of see invisible (left hand)
Scrolls
 g - a scroll of brand weapon {unknown}
 i - 3 scrolls of teleportation
 j - 5 scrolls of blinking
 k - a scroll of identify
 q - 2 scrolls of summoning
 t - a scroll of poison
 u - a scroll of noise
 v - 2 scrolls of vulnerability
 x - a scroll of enchant weapon {unknown}
 y - a scroll of torment {unknown}
Potions
 b - a potion of magic
 c - a potion of curing {unknown}
 d - a potion of heal wounds {unknown}
 h - 3 potions of might
 n - 2 potions of haste {unknown}
 o - 2 potions of cancellation {unknown}
 p - a potion of attraction {unknown}
 r - a potion of experience
 w - a potion of mutation {unknown}


   Skills:
 + Level 5.7 Fighting
 + Level 5.7 Short Blades
 + Level 5.7 Long Blades
 + Level 5.7 Axes
 + Level 5.7 Maces & Flails
 + Level 5.7 Polearms
 + Level 5.7 Staves
 + Level 5.7 Ranged Weapons
 + Level 5.7 Throwing
 + Level 5.7 Armour
 + Level 7.4 Dodging
 + Level 7.2 Stealth
 + Level 5.7 Shields
 + Level 5.7 Unarmed Combat
 + Level 7.7 Spellcasting
 + Level 5.2 Conjurations
 + Level 4.7 Hexes
 + Level 4.7 Summonings
 + Level 4.7 Necromancy
 + Level 4.7 Translocations
 + Level 4.7 Fire Magic
 + Level 4.7 Ice Magic
 + Level 7.3 Air Magic
 + Level 4.7 Earth Magic
 + Level 4.7 Alchemy
 + Level 6.3 Invocations
 + Level 5.7 Evocations
 + Level 5.2 Shapeshifting


You had 13 spell levels left.
You knew the following spells:

 Your Spells              Type           Power      Damage    Failure   Level
a - Shock                 Conj/Air       100%       1d9       1%          1
b - Swiftness             Air            33%        N/A       1%          3
c - Airstrike             Air            16%        2d(3-19)  4%          4
z - Static Discharge      Conj/Air       58%        3-6/arc   1%          2

Your spell library contained the following spells:

 Spells                   Type           Power      Damage    Failure   Level


Dungeon Overview and Level Annotations

Branches:
Dungeon (7/15)              Sewer (visited)
 Temple: D:4-7

Altars:
Elyvilon
Fedhas
Hepliaklqana
Kikubaaqudgha
Okawaru

Shops:
D:5 ?   D:6 [

Annotations:
D:5 Grinder
D:7 3 runed translucent doors, Jaike's ghost, novice DjCA; Nr616's ghost, novice MiGl; PanSaczeczos's ghost, novice NaRe


Innate Abilities, Weirdness & Mutations

You have very sharp teeth.
Your uncanny sense of smell can sniff out nearby items.
Your experience applies equally to all skills.


Message History

You feel very mighty all of a sudden. The liquid fire burns you!
* * * LOW HITPOINT WARNING * * *
x2 You feel sick.
It was a potion of experience.
You feel more experienced!
Your Fighting skill gained 2 levels and is now at level 5!
Your Short Blades skill gained 2 levels and is now at level 5!
Your Long Blades skill gained 2 levels and is now at level 5!
Your Axes skill gained 2 levels and is now at level 5!
Your Maces & Flails skill gained 2 levels and is now at level 5!
Your Polearms skill gained 2 levels and is now at level 5!
Your Staves skill gained 2 levels and is now at level 5!
Your Ranged Weapons skill gained 2 levels and is now at level 5!
Your Throwing skill gained 2 levels and is now at level 5!
Your Armour skill gained 2 levels and is now at level 5!
Your Dodging skill gained 2 levels and is now at level 7!
Your Stealth skill gained 2 levels and is now at level 7!
Your Shields skill gained 2 levels and is now at level 5!
Your Unarmed Combat skill gained 2 levels and is now at level 5!
Your Spellcasting skill increases to level 7!
Your Conjurations skill gained 2 levels and is now at level 5!
Your Hexes skill gained 2 levels and is now at level 4!
Your Summonings skill gained 2 levels and is now at level 4!
Your Necromancy skill gained 2 levels and is now at level 4!
Your Translocations skill gained 2 levels and is now at level 4!
Your Fire Magic skill gained 2 levels and is now at level 4!
Your Ice Magic skill gained 2 levels and is now at level 4!
Your Air Magic skill increases to level 7!
Your Earth Magic skill gained 2 levels and is now at level 4!
Your Alchemy skill gained 2 levels and is now at level 4!
Your Invocations skill gained 3 levels and is now at level 6!
Your Evocations skill gained 2 levels and is now at level 5!
Your Shapeshifting skill gained 2 levels and is now at level 5!
You have reached level 9!
Your experience leads to an increase in your attributes!
Increase (S)trength, (I)ntelligence, or (D)exterity?
You feel clever. x2
The liquid fire burns you!
You die...

*,,,,,,,,, #.#******, #....#h...
#....#!... #.######## *****
#......#.. *,,,* #......#..
*,,,*#########...######
***********,,,##@...............#
*,,,,,,,,,**'*#B#########.).....#
,,***,,*..g.....# #.....####
**,,,**,........# #.##......
*,,,,,*,.....(.##***####.*#......
,,,*,,,*.......*,,,,.....*#....##
,,***,,*...(...*,***#.+##.###....
,,,*,,,*.......+,,,,..#∩#.'.....>
*,,,,,*,..(....*,***#####.####)#.


You could see a bombardier beetle.

Vanquished Creatures
  Eustachio (D:6)
  A black bear (D:5)
  An ice beast (D:5)
  An ogre (D:6)
  A phantom (D:5)
  A scorpion (D:6)
  A bullfrog (D:5)
  3 bombardier beetles
  A jelly (D:4)
  3 orc priests
  3 hounds
  3 iguanas
  An orc wizard (D:4)
  10 adders
  5 gnolls
  A white imp (D:5)
  2 ufetubi (D:5)
  4 dart slugs
  3 ribbon worms
  6 orcs
  10 ball pythons
  11 endoplasms
  5 giant cockroaches
  8 goblins
  10 hobgoblins
  5 quokkas
  8 bats
  11 frilled lizards
  10 kobolds
  10 rats
140 creatures vanquished.

Notes
Turn   | Place    | Note
-------+----------+-------------------------------------------
     0 | D:1      | Ignak the Gnoll Air Elementalist began the quest for the
                  | Orb.
     0 | D:1      | Reached XP level 1. HP: 13/13 MP: 6/6
   385 | D:1      | Reached XP level 2. HP: 19/19 MP: 2/7
   994 | D:1      | Reached skill level 5 in Spellcasting
   994 | D:1      | Reached XP level 3. HP: 25/25 MP: 3/9
  1311 | D:2      | Reached skill level 1 in Invocations
  1335 | D:2      | Reached skill level 1 in Fighting
  1335 | D:2      | Reached skill level 1 in Short Blades
  1335 | D:2      | Reached skill level 1 in Long Blades
  1335 | D:2      | Reached skill level 1 in Axes
  1335 | D:2      | Reached skill level 1 in Maces & Flails
  1335 | D:2      | Reached skill level 1 in Polearms
  1335 | D:2      | Reached skill level 1 in Staves
  1335 | D:2      | Reached skill level 1 in Ranged Weapons
  1335 | D:2      | Reached skill level 1 in Throwing
  1335 | D:2      | Reached skill level 1 in Armour
  1335 | D:2      | Reached skill level 1 in Shields
  1335 | D:2      | Reached skill level 1 in Unarmed Combat
  1335 | D:2      | Reached skill level 1 in Evocations
  1449 | D:2      | Found an ancient bone altar of Kikubaaqudgha.
  1530 | D:2      | Reached skill level 1 in Shapeshifting
  1530 | D:2      | Reached XP level 4. HP: 23/32 MP: 2/11
  1576 | D:2      | Reached skill level 1 in Hexes
  1576 | D:2      | Reached skill level 1 in Summonings
  1576 | D:2      | Reached skill level 1 in Necromancy
  1576 | D:2      | Reached skill level 1 in Translocations
  1576 | D:2      | Reached skill level 1 in Fire Magic
  1576 | D:2      | Reached skill level 1 in Ice Magic
  1576 | D:2      | Reached skill level 1 in Earth Magic
  1576 | D:2      | Reached skill level 1 in Alchemy
  1999 | D:3      | Found a blossoming altar of Fedhas.
  2025 | D:3      | Learned a level 3 spell: Swiftness
  2028 | D:3      | Learned a level 2 spell: Static Discharge
  2033 | D:3      | Learned a level 4 spell: Airstrike
  2109 | D:3      | Found an ancient bone altar of Kikubaaqudgha.
  2175 | D:3      | Reached XP level 5. HP: 37/37 MP: 12/12
  2292 | D:3      | Found an iron altar of Okawaru.
  2321 | D:3      | Found a white marble altar of Elyvilon.
  2562 | D:3      | Found a hazy altar of Hepliaklqana.
  2878 | D:4      | Found a glowing drain.
  2896 | D:4      | Reached XP level 6. HP: 30/44 MP: 11/13
  2926 | Sewer    | Entered a sewer
  3142 | Sewer    | Reached skill level 5 in Dodging
  4515 | D:5      | Entered Level 5 of the Dungeon
  4564 | D:5      | Found Xoufruph's Magic Scroll Shop.
  4580 | D:5      | Bought 2 scrolls of blinking for 195 gold pieces
  4580 | D:5      | Bought a scroll of identify for 26 gold pieces
  4580 | D:5      | Bought a scroll of teleportation for 39 gold pieces
  4580 | D:5      | Identified a scroll of acquirement
  4581 | D:5      | Acquired 1005 gold pieces
  4641 | D:5      | Reached XP level 7. HP: 19/50 MP: 10/15
  4917 | D:5      | Reached skill level 5 in Stealth
  5236 | D:5      | Reached XP level 8. HP: 53/58 MP: 6/16
  5243 | D:5      | Noticed Grinder
  5509 | D:6      | Noticed Eustachio
  5558 | D:6      | Found Waek's Armour Emporium.
  5565 | D:7      | Noticed PanSaczeczos's ghost (novice NaRe)
  5565 | D:7      | Noticed Nr616's ghost (novice MiGl)
  5565 | D:7      | Found a runed translucent gate.
  5565 | D:7      | Found a runed translucent gate.
  5565 | D:7      | Found a runed translucent gate.
  5566 | D:7      | Noticed Jaike's ghost (novice DjCA)
  5575 | D:6      | Killed Eustachio
  5629 | D:6      | HP: 2/58 [poisoned by a scorpion]
  5630 | D:6      | Reached skill level 5 in Fighting
  5630 | D:6      | Reached skill level 5 in Short Blades
  5630 | D:6      | Reached skill level 5 in Long Blades
  5630 | D:6      | Reached skill level 5 in Axes
  5630 | D:6      | Reached skill level 5 in Maces & Flails
  5630 | D:6      | Reached skill level 5 in Polearms
  5630 | D:6      | Reached skill level 5 in Staves
  5630 | D:6      | Reached skill level 5 in Ranged Weapons
  5630 | D:6      | Reached skill level 5 in Throwing
  5630 | D:6      | Reached skill level 5 in Armour
  5630 | D:6      | Reached skill level 5 in Shields
  5630 | D:6      | Reached skill level 5 in Unarmed Combat
  5630 | D:6      | Reached skill level 5 in Conjurations
  5630 | D:6      | Reached skill level 5 in Evocations
  5630 | D:6      | Reached skill level 5 in Shapeshifting
  5630 | D:6      | Reached XP level 9. HP: 2/69 MP: 3/20
  5630 | D:6      | Incinerated by a bombardier beetle

Illustrated notes

Levels and vault maps discovered:
D:1:      dpeg_arrival_tiny_i, layout_loops_corners
D:2:      minmay_recursive_quarters, layout_rooms, basic_altar, minmay_domino_4
D:3:      layout_loops_ring, elyvilon_altar_1,
          mainiacjoe_overflow_six_doors_small, okawaru_trees_2,
          nicolae_hepliaklqana_hazy_memory, lemuel_tele_altar,
          minmay_misc_feat_more_columns, small_statue_intersection
D:4:      layout_basic, portal_sewer_entry_f
D:5:      layout_basic, lemuel_zombie_altar_yredelemnul, serial_shops, shop,
          minmay_lizard_king, uniq_grinder
D:6:      layout_basic, serial_shops, nicolae_shop_tiny_glass, serial_library,
          serial_library_regret_index_multi, serial_library_hellmonk_h_bend,
          serial_library_hellmonk_hallway_a, serial_library_hellmonk_junction,
          serial_library_regret_index_branch_corner,
          serial_library_regret_index_double_sided,
          serial_library_hellmonk_reading_circle,
          serial_library_hellmonk_big_corner, serial_library_hellmonk_room_b,
          serial_library_hellmonk_narrow_alcove, nicolae_ossuary_entry_ruins,
          hangedman_abyss_or_decor_stagger, uniq_eustachio
D:7:      kennysheep_seaside_town, layout_loops_ring,
          minmay_temple_entry_slanted, serial_shops, shop,
          gammafunk_ghost_cemetery, minivault_5, uniq_crazy_yiuf_cottage,
          uniq_pikel

Skill      XL: |  1  2  3  4  5  6  7  8 |
---------------+-------------------------+-----
Conjurations   | 2 3 5 |  5.2
Spellcasting   | 5 7 |  7.7
Invocations    | 1 2 3 6 |  6.3
Fighting       | 1 2 3 5 |  5.7
Short Blades   | 1 2 3 5 |  5.7
Long Blades    | 1 2 3 5 |  5.7
Axes           | 1 2 3 5 |  5.7
Maces & Flails | 1 2 3 5 |  5.7
Polearms       | 1 2 3 5 |  5.7
Staves         | 1 2 3 5 |  5.7
Ranged Weapons | 1 2 3 5 |  5.7
Throwing       | 1 2 3 5 |  5.7
Armour         | 1 2 3 5 |  5.7
Shields        | 1 2 3 5 |  5.7
Unarmed Combat | 1 2 3 5 |  5.7
Evocations     | 1 2 3 5 |  5.7
Shapeshifting  | 1 2 5 |  5.2
Hexes          | 1 2 4 |  4.7
Summonings     | 1 2 4 |  4.7
Necromancy     | 1 2 4 |  4.7
Translocations | 1 2 4 |  4.7
Fire Magic     | 1 2 4 |  4.7
Ice Magic      | 1 2 4 |  4.7
Earth Magic    | 1 2 4 |  4.7
Alchemy        | 1 2 4 |  4.7
Dodging        | 5 7 |  7.4
Stealth        | 5 7 |  7.2
Air Magic      | 6 7 |  7.3

Action                     |  1- 3 |  4- 6 |  7- 9 || total
---------------------------+-------+-------+-------++-------
  Melee: Unarmed           |    25 |       |       ||    25
         Bite              |     1 |    12 |     5 ||    18
         Punch             |     1 |     2 |     1 ||     4
         Spear             |     3 |     8 |       ||    11
         Short sword       |       |   107 |    45 ||   152
  Throw: Dart              |       |     3 |     6 ||     9
   Cast: Shock             |    60 |    86 |    40 ||   186
         Static Discharge  |       |       |    13 ||    13
         Airstrike         |       |       |     3 ||     3
         Swiftness         |       |       |     1 ||     1
    Use: Scroll            |       |     9 |     1 ||    10
         Potion            |       |       |     2 ||     2
   Stab: Sleeping          |     1 |     3 |       ||     4
 Armour: Robe              |    12 |    55 |    48 ||   115
  Dodge: Dodged            |    36 |    95 |    49 ||   180
